AoeStats
← eyupfc

Arabia

506610917Analyzed
1v1 RM · 18d ago on Sep 14, 2026· 59m 47s· 2 players
Game mode
Random Map
Map size
Tiny (2 player)
Population
200
Speed
Normal
Resources
Standard
Victory
Conquest
Starting age
Dark Age
Ending age
Imperial Age
RankedLock teamsTeams togetherTeam positionsShared explorationLock speedFull tech treeHidden civsTurbo modeCheats
Victory
Defeat
🇹🇷 Tupi · Türkiye
1227
+17
🇩🇪 Georgians · Germany
1244
-17
eyupfc
6:51 Loom
9:23 Feudal Age
10:07 Double-Bit Axe
15:12 Fletching
21:32 Castle Age
20:01 Horse Collar
20:12 Gold Mining
20:28 Padded Archer Armor
21:45 Crossbowman
22:21 Bodkin Arrow
22:37 Bow Saw
24:17 Wheelbarrow
24:07 Leather Archer Armor
25:54 Ballistics
32:09 Arson
32:27 Squires
31:47 Pikeman
33:48 Arson
34:04 Squires
33:24 Pikeman
35:20 Gold Shaft Mining
35:18 Scale Mail Armor
37:27 Chain Mail Armor
37:22 Forging
41:01 Imperial Age
38:23 Town Watch
38:54 Hand Cart
41:24 Stone Mining
42:48 Curare
45:06 Bracer
48:57 Murder Holes
50:03 Chemistry
54:31 Capped Ram
57:41 Plate Mail Armor
57:42 Ring Archer Armor
58:17 Halberdier
59:47 Conscription
BlockishCow3903
7:00 Loom
9:23 Feudal Age
10:26 Double-Bit Axe
10:33 Horse Collar
16:13 Wheelbarrow
17:33 Scale Barding Armor
17:19 Fletching
17:40 Forging
22:15 Castle Age
21:07 Gold Mining
21:31 Town Watch
23:05 Bloodlines
26:45 Husbandry
29:01 Bow Saw
30:56 Chain Barding Armor
32:48 Svan Towers
32:50 Bodkin Arrow
35:26 Guard Tower
37:05 Ballistics
36:55 Masonry
38:07 Murder Holes
39:57 Iron Casting
39:30 Light Cavalry
44:45 Stone Mining
49:49 Hand Cart
58:19 Stone Shaft Mining
61:09 Imperial Age
59:29 Heavy Plow
Connection lost

Rejoining the realm…

Still unreachable

The connection could not be restored.

Session expired

The server has moved on; the page needs a fresh start.